 Dungeon Crawl Stone Soup version 0.31.0-1-g2c135a008e (webtiles) character file.

Game seed: 17772082657642151506

219 qw the Shooter (level 6, -2/46 HPs)
             Began as a Djinni Hunter on Jan 23, 2024.
             Slain by an orc priest
             ... wielding a +0 mace
              (6 damage)
             ... on level 4 of the Dungeon.
             The game lasted 00:00:10 (2497 turns).

qw the Shooter (Djinni Hunter)                      Turns: 2497, Time: 00:00:10

Health: -2/46      AC:  2    Str: 10    XL:     6   Next: 17%
Gold:   146        EV: 13    Int: 10    God:
                   SH:  0    Dex: 19

rFire   + + .        a - +0 shortbow (freeze)
rCold   . . .        (shield currently unavailable)
rNeg    . . .        b - +0 robe {rC+}
rPois   inf          (no helmet)
rElec   .            (no cloak)
rCorr   +            (no gloves)
SInv    .            (boots unavailable)
Will    .....        (no amulet)
Stlth   ++           g - ring of resist corrosion
HPRegen 0.27/turn    (no ring)
MPRegen 0.00/turn

%: infuse magic (-3 HP)
@: flying
A: sickness immunity, fire resistance 2, cold vulnerability 1, float, innate
caster, HP casting, extra vitality 1
a: no special abilities


You were on level 4 of the Dungeon.
You visited 1 branch of the dungeon, and saw 4 of its levels.

You collected 146 gold pieces.


Innate Abilities, Weirdness & Mutations

You are immune to sickness and miasma.
You are immune to poison.
Your flesh is very heat resistant. (rF++)
You are vulnerable to cold. (rC-)
You float through the air rather than walking.
You learn spells naturally, not from books.
Your magical power is your life essence.
You have superior vitality. (+4 MHP)


   Skills:
 - Level 3.0 Fighting
 - Level 5.0 Ranged Weapons
 - Level 1.0 Armour
 + Level 3.1 Dodging
 - Level 0.7 Stealth


You knew the following spells:

 Your Spells              Type           Power      Damage    Failure   Level
a - Slow                  Hex            0%         N/A       36%         1
b - Mercury Vapours       Alch/Air       0%         N/A       50%         2
Your spell library was empty.

Inventory:

Hand Weapons
 a - a +0 shortbow of freezing (weapon)
Armour
 b - a +0 robe of cold resistance (worn)
 d - a +0 ring mail
Jewellery
 g - a ring of resist corrosion (left hand)
Potions
 c - 2 potions of haste
 e - a potion of curing

Dungeon Overview and Level Annotations

Branches:
Dungeon (4/15)
 Temple: D:4-7

Altars:
Uskayaw


Message History

The arrow freezes the orc priest.
The orc priest is moderately wounded.
The orc shouts!
You hear a shout! x2
An orc priest comes into view. It is wielding a +0 mace.
The orc priest miscasts a cantrip.
You hear a shout!
You shoot an arrow. The arrow hits the orc!
The arrow freezes the orc.
You kill the orc!
An orc comes into view. It is wielding a +0 mace.
You shoot an arrow. The arrow hits the orc.
The arrow freezes the orc.
The orc is severely wounded.
The orc throws a boomerang.
The boomerang hits you.
You shoot an arrow. The arrow barely misses the orc.
The orc priest invokes the aid of Beogh against you.
Beogh smites you!
You hear a shout!
You shoot an arrow. The arrow barely misses the orc.
The orc priest invokes the aid of Beogh against you.
Beogh smites you!
You shoot an arrow. The arrow barely misses the orc.
The orc hits you with a +0 flail.
The orc priest casts a cantrip, but nothing happens.
You shoot an arrow. The arrow hits the orc.
The arrow freezes the orc.
You kill the orc!
The orc priest begins to cast a cantrip, but forgets the words!
A hobgoblin comes into view. It is wielding a +0 hand axe.
You shoot an arrow. The arrow hits the orc priest.
The arrow freezes the orc priest.
The orc priest is heavily wounded.
The orc priest hits you with a +0 mace. The orc misses you.
You shoot an arrow. The arrow barely misses the orc priest.
The orc priest closely misses you. The orc hits you with a +0 mace.
You shoot an arrow. The arrow hits the orc priest.
The arrow freezes the orc priest.
The orc priest is severely wounded.
The orc barely misses you. The orc priest hits you with a +0 mace.
You shoot an arrow. The arrow barely misses the orc priest.
The orc hits you with a +0 mace. The orc priest completely misses you.
The orc priest hits you with a +0 mace.
You die...

..#### ..#.. ....
######## ).. #......#
o.# #......# g.##
#......#########o..####
#..............@o......
#......#######..##.....
#......## ##.... .).
#.......# ###### .
######..# #...##.#
########## #.>.##.###
#.......... #....#...#
#..........
#...###.###........<.


You could see 2 orc priests, an orc and a hobgoblin.

Vanquished Creatures
  A bombardier beetle (D:4)
  A hound (D:3)
  An iguana (D:4)
  4 adders
  3 ribbon worms
  3 orcs
  5 ball pythons
  7 bats
  8 endoplasms
  2 giant cockroaches
  13 hobgoblins
  7 jackals (D:1)
  A quokka (D:1)
  2 frilled lizards
  7 goblins
  5 kobolds
  6 rats
76 creatures vanquished.

Notes
Turn   | Place    | Note
-------+----------+-------------------------------------------
     0 | D:1      | qw the Djinni Hunter began the quest for the Orb.
     0 | D:1      | Reached XP level 1. HP: 18/18 MP: 0/0
     0 | D:1      | 0 ||| qw: Version: 0.3-a-135-gb77e89d
     0 | D:1      | 0 ||| qw: Game counter: 835
     0 | D:1      | 0 ||| qw: Melee chars always use a shield: true
     0 | D:1      | 0 ||| qw: God list: Okawaru
     0 | D:1      | 0 ||| qw: Allow faded altars: false
     0 | D:1      | 0 ||| qw: Do Orc after clearing Dungeon:15 true
     0 | D:1      | 0 ||| qw: Do second Lair branch before Depths: true
     0 | D:1      | 0 ||| qw: Lair rune preference: random
     0 | D:1      | 0 ||| qw: Goals: Normal
     0 | D:1      | 0 ||| PLANNING D:1-11
   149 | D:1      | Reached XP level 2. HP: 23/23 MP: 0/0
   227 | D:1      | 227 ||| RETREEEEATING.
   232 | D:1      | 232 ||| RETREEEEATING.
   233 | D:1      | 233 ||| RETREEEEATING.
   238 | D:1      | 238 ||| RETREEEEATING.
   272 | D:1      | Reached skill level 4 in Ranged Weapons
   272 | D:1      | Reached XP level 3. HP: 28/28 MP: 0/0
   272 | D:1      | Learned a level 1 spell: Slow
   552 | D:1      | 552 ||| UPGRADING to +0 ring mail.
   562 | D:1      | 562 ||| DROPPING +0 leather armour.
   563 | D:1      | 563 ||| UPGRADING to ring of resist corrosion.
   564 | D:1      | 564 ||| READING scroll labelled FEUGOE OLINUITZ.
   564 | D:1      | 564 ||| IDENTIFYING viscous brown potion
   565 | D:1      | 565 ||| READING scroll labelled QEOFOC NYRU.
   568 | D:1      | 568 ||| READING 2 scrolls labelled HEURCH CUOTU.
   569 | D:1      | 569 ||| READING scroll labelled GIEZ QATTILALL.
   569 | D:1      | 569 ||| BRANDING +0 shortbow.
   570 | D:1      | 570 ||| DROPPING scroll of butterflies.
   571 | D:1      | 571 ||| DROPPING scroll of fog.
   749 | D:2      | Found a faded altar of an unknown god.
   825 | D:2      | Reached skill level 1 in Armour
   855 | D:2      | Reached XP level 4. HP: 34/34 MP: 0/0
  1037 | D:2      | Reached skill level 3 in Fighting
  1301 | D:2      | 1301 ||| UPGRADING to +0 robe of cold resistance.
  1527 | D:3      | Reached skill level 3 in Dodging
  1527 | D:3      | Reached XP level 5. HP: 40/40 MP: 0/0
  1527 | D:3      | Learned a level 2 spell: Mercury Vapours
  1601 | D:3      | Found a hide-covered altar of Uskayaw.
  2261 | D:3      | 2261 ||| READING scroll of identify.
  2261 | D:3      | 2261 ||| IDENTIFYING cyan potion
  2262 | D:3      | 2262 ||| READING scroll labelled RYEHAQ HUH.
  2263 | D:3      | 2263 ||| READING scroll labelled OMIXKIJU MYCLU.
  2336 | D:3      | 2336 ||| READING scroll labelled SUSORE LUFIROI.
  2377 | D:4      | 2377 ||| STAIRDANCE
  2382 | D:4      | 2382 ||| STAIRDANCE
  2408 | D:4      | 2408 ||| STAIRDANCE
  2456 | D:4      | Reached skill level 5 in Ranged Weapons
  2456 | D:4      | Reached XP level 6. HP: 46/46 MP: 0/0
  2495 | D:4      | HP: 7/46 [orc/+0 mace (5)]
  2497 | D:4      | Slain by an orc priest

Levels and vault maps discovered:
D:1:      minmay_arrival_split_and_join, layout_rooms
D:2:      cheibrodos_greedy_goblins, layout_rooms,
          ebering_ecumenical_altar_sacrificial, minmay_misc_feat_x
D:3:      layout_basic, lemuel_tele_altar, grunt_ministairs_15
D:4:      layout_rooms, kennysheep_minor_cross, grunt_ministairs_12

Skill      XL: |  1  2  3  4  5 |
---------------+----------------+-----
Ranged Weapons | 4 5 |  5.0
Armour         | 1 |  1.0
Fighting       | 3 |  3.0
Dodging        | 3 |  3.1
Stealth        | |  0.7

Action                     |  1- 3 |  4- 6 || total
---------------------------+-------+-------++-------
   Fire: Shortbow          |   100 |   139 ||   239
    Use: Scroll            |     4 |     4 ||     8
 Armour: Leather armour    |    27 |       ||    27
         Ring mail         |     7 |    36 ||    43
         Robe              |       |    27 ||    27
  Dodge: Dodged            |    51 |    68 ||   119

Table legend:
 A = Non-vault XP
 B = Vault XP
 C = Vault XP percentage of total XP
 D = Non-vault monster count
 E = Vault monster count
 F = Vault count percentage of total count
                 A         B        C        D         E       F
            +---------+---------+-------+---------+---------+-------
      Total |     290 |      23 |   7.3 |      64 |      12 |  15.8
            +---------+---------+-------+---------+---------+-------
        D:1 |      48 |       0 |   0.0 |      28 |       0 |   0.0
        D:2 |      42 |      16 |  27.6 |      15 |       8 |  34.8
        D:3 |     107 |       7 |   6.1 |      17 |       4 |  19.0
        D:4 |      93 |       0 |   0.0 |       4 |       0 |   0.0
            +---------+---------+-------+---------+---------+-------
